 Dungeon Crawl Stone Soup version 0.23.2-40-g277498a001 (webtiles) character file.

Game seed: 10256703959769071502

1567 lakrsv the Ducker (level 8, -1/36 HPs)
             Began as a Spriggan Venom Mage on Sept 24, 2019.
             Was an Initiate of Cheibriados.
             Killed by divine providence
             ... invoked by an orc priest
              (13 damage)
             ... on level 5 of the Dungeon.
             The game lasted 00:45:56 (6718 turns).

lakrsv the Ducker (Spriggan Venom Mage)             Turns: 6718, Time: 00:45:56

Health: -1/36      AC:  3    Str:  5    XL:     8   Next: 59%
Magic:  0/18       EV: 23    Int: 25    God:    Cheibriados [......]
Gold:   287        SH:  0    Dex: 17    Spells: 13/19 levels left

rFire    . . .     SeeInvis +   v - +1 dagger (vamp)
rCold    . . .     Gourm    .   (shield restricted)
rNeg     . . .     Faith    .   B - +1 robe
rPois    .         Spirit   .   (helmet restricted)
rElec    .         Reflect  .   (no cloak)
rCorr    .         Harm     .   (gloves unavailable)
MR       +....                  (boots unavailable)
Stlth    +++.......             (no amulet)
HPRegen  0.12/turn              (no ring)
MPRegen  0.16/turn              (no ring)

@: brilliant, quick
A: very small, unfitting armour, see invisible, herbivore, speed 3, slow
metabolism 2
a: Bend Time, Renounce Religion


You were on level 5 of the Dungeon.
You worshipped Cheibriados.
Cheibriados was noncommittal.
You were not hungry.

You visited 1 branch of the dungeon, and saw 8 of its levels.

You collected 287 gold pieces.

Inventory:

Hand Weapons
 d - a +0 dagger
 e - a +0 club
 m - a cursed -3 hunting sling
 o - a +0 dagger
 t - a +0 mace
 v - a +1 vampiric dagger (weapon)
 z - a +0 whip of electrocution
 A - the +9 hand crossbow of Deformation {velocity, SInv, unknown}
   (You found it on level 4 of the Dungeon)

   Any bolt fired from it inflicts extra damage.
   It lets you see invisible.
Missiles
 f - 10 bolts
 l - 35 poisoned needles
Armour
 a - a +0 robe
 p - a +0 naga barding
 r - a +0 leather armour
 u - a cursed +0 leather armour
 B - a +1 robe (worn)
 D - a +0 helmet
Jewellery
 j - a cursed -2 ring of slaying
 E - an uncursed amulet of the acrobat {unknown}
Scrolls
 g - 2 scrolls of enchant armour
 h - 2 scrolls of enchant weapon
 i - 2 scrolls of remove curse
 q - a scroll of teleportation
 C - a scroll of fog
 G - a scroll of identify
Potions
 b - 2 potions of curing
 k - a potion of flight
 w - 2 potions of haste
 x - a potion of lignification
Comestibles
 c - 5 rations


   Skills:
 + Level 2.8 Short Blades
 + Level 7.5 Dodging
 + Level 6.3 Stealth
 - Level 6.0 Spellcasting
 + Level 3.6 Conjurations
 - Level 0.7 Air Magic
 + Level 5.9 Poison Magic


You had 13 spell levels left.
You knew the following spells:

 Your Spells              Type           Power        Failure   Level  Hunger
a - Sting                 Conj/Pois      ####         1%          1    None
b - Poisonous Vapours     Pois/Air       #####.       1%          2    None
c - Mephitic Cloud        Conj/Pois/Air  #####...     1%          3    None

Your spell library contained the following spells:

 Spells                   Type           Power        Failure   Level  Hunger
 Olgreb's Toxic Radiance  Pois           ######..     1%          4    ###....
 Venom Bolt               Conj/Pois      #####.....   3%          5    #####..


Dungeon Overview and Level Annotations

Branches:
Dungeon (8/15)               Lair (0/6) D:8
 Temple: D:4-7

Altars:
Ashenzari
Cheibriados
Hepliaklqana
Nemelex Xobeh
Ru
Sif Muna
Trog
Uskayaw
Zin

Annotations:
D:7 exclusion: skeleton


Innate Abilities, Weirdness & Mutations

You are very small and have problems with some larger weapons.
You are too small for most types of armour.
You have supernaturally acute eyesight. (SInv)
You are a herbivore.
You cover ground extremely quickly.
You need to consume almost no food.


Message History

Confirm with . or Enter, or press ? or * to list all spells.
Okay, then.
Casting: Sting (safe; 1% risk of failure)
Confirm with . or Enter, or press ? or * to list all spells.
Aiming: Sting (safe; 1% risk of failure)
Press: ? - help, Shift-Dir - straight line, f/p - leopard gecko
Aim: a leopard gecko (heavily wounded)
The sting misses the orc priest.
The sting hits the leopard gecko.
You kill the leopard gecko!
Cheibriados appreciates the change of pace.
The orc priest completely misses you.
You hit the orc priest but do no damage.
The orc priest barely misses you.
You hit the orc priest.
You feel better.
The orc priest is lightly wounded.
The orc priest invokes the aid of Beogh against you.
Beogh smites you!
The orc priest calls down the wrath of Beogh upon you.
Beogh smites you!
You die...

######### .......#
#.....# .$ #...# #+
#.....+ ..##.?.###..
#..@..# =..........
.##.%...# ..........
P........#+####........
...#......o....#........
## #...........#.[.))...
.............#...o....
..............##'######
.......................
...............>.......


You could see an orc priest.

Vanquished Creatures
  Pikel (D:4)
  Grinder (D:3)
  A black bear (D:7)
  An ogre (D:7)
  A gnoll sergeant (D:6)
  2 scorpions (D:6)
  A jelly (D:2)
  2 orc wizards (D:4)
  2 orc priests
  2 iguanas
  Natasha (thrice) (D:2)
  Terence (D:2)
  4 worker ants
  5 gnolls
  5 adders
  A shadow imp (D:6)
  An ooze (D:1)
  2 dart slugs
  3 leopard geckos
  14 orcs
  3 giant cockroaches
  6 goblins
  2 hobgoblins
  5 jackals
  7 bats
  2 frilled lizards
  A jackal skeleton (D:4)
  6 kobolds
  6 rats
91 creatures vanquished.

Vanquished Creatures (others)
  A bullfrog skeleton (D:4)
  A leopard gecko (D:4)
2 creatures vanquished.

Grand Total: 93 creatures vanquished

Notes
Turn   | Place    | Note
-------+----------+-------------------------------------------
     0 | D:1      | lakrsv the Spriggan Venom Mage began the quest for the Orb.
     0 | D:1      | Reached XP level 1. HP: 9/9 MP: 5/5
   342 | D:1      | Reached XP level 2. HP: 13/13 MP: 1/7
  1176 | D:2      | Noticed Terence
  1217 | D:2      | Killed Terence
  1217 | D:2      | Reached skill level 1 in Conjurations
  1217 | D:2      | Reached XP level 3. HP: 12/16 MP: 0/8
  1304 | D:2      | Learned a level 2 spell: Poisonous Vapours
  1566 | D:2      | Noticed Natasha
  1593 | D:2      | Killed Natasha
  1593 | D:2      | Reached skill level 1 in Short Blades
  1593 | D:2      | Reached XP level 4. HP: 15/21 MP: 2/10
  2058 | D:2      | Reached XP level 5. HP: 23/24 MP: 2/11
  2461 | D:2      | Found a faded altar of an unknown god.
  2576 | D:2      | Noticed Natasha
  2583 | D:2      | Killed Natasha
  2583 | D:2      | Reached skill level 5 in Stealth
  2670 | D:2      | Noticed Natasha
  2688 | D:2      | Killed Natasha
  2688 | D:2      | Reached skill level 4 in Dodging
  2753 | D:2      | Learned a level 3 spell: Mephitic Cloud
  2985 | D:4      | Noticed a slave
  3200 | D:4      | Noticed a slave
  3222 | D:4      | Reached XP level 6. HP: 24/28 MP: 1/13
  3254 | D:4      | Noticed Pikel
  3600 | D:4      | Noticed a slave
  3601 | D:4      | Noticed a slave
  3647 | D:4      | Killed Pikel
  3647 | D:4      | Reached skill level 6 in Dodging
  3647 | D:4      | Reached skill level 5 in Spellcasting
  3647 | D:4      | Reached skill level 5 in Poison Magic
  3647 | D:4      | Reached XP level 7. HP: 32/32 MP: 1/16
  3684 | D:4      | Got a polished hand crossbow
  3822 | D:3      | Noticed Grinder
  4768 | D:3      | Found a snail-covered altar of Cheibriados.
  4768 | D:3      | Found a glowing silver altar of Zin.
  4781 | D:3      | Found a hide-covered altar of Uskayaw.
  4783 | D:3      | Became a worshipper of Cheibriados the Contemplative
  4786 | D:3      | Found a shattered altar of Ashenzari.
  4788 | D:3      | Found a faded altar of an unknown god.
  4902 | D:3      | Found a hazy altar of Hepliaklqana.
  4904 | D:3      | Found a sacrificial altar of Ru.
  4904 | D:3      | Found a bloodstained altar of Trog.
  4907 | D:3      | Found a deep blue altar of Sif Muna.
  4912 | D:3      | Found a sparkling altar of Nemelex Xobeh.
  5228 | D:3      | Paralysed by Grinder for 6 turns
  5240 | D:3      | Killed Grinder
  5240 | D:3      | Reached XP level 8. HP: 9/36 MP: 3/17
  5520 | D:4      | Learned a level 1 spell: Sting
  5631 | D:5      | Entered Level 5 of the Dungeon
  6143 | D:7      | Reached skill level 7 in Dodging
  6172 | D:8      | Found a staircase to the Lair.
  6415 | D:7      | Noticed a gargoyle
  6718 | D:5      | Killed from afar by an orc priest

Skill      XL: |  1  2  3  4  5  6  7  8 |
---------------+-------------------------+-----
Spellcasting   | 3 4 5 6 |  6.0
Stealth        | 4 5 6 |  6.3
Conjurations   | 1 2 3 |  3.6
Short Blades   | 1 2 |  2.8
Dodging        | 4 6 7 |  7.5
Poison Magic   | 4 5 |  5.9
Air Magic      | |  0.7

Action                   |  1- 3 |  4- 6 |  7- 9 || total
-------------------------+-------+-------+-------++-------
Melee: Dagger            |    59 |    27 |   117 ||   203
 Cast: Sting             |    57 |   101 |   164 ||   322
       Poisonous Vapours |       |     9 |     6 ||    15
       Mephitic Cloud    |       |       |     8 ||     8
  Use: Potion            |     1 |     1 |     8 ||    10
       Scroll            |       |     3 |    10 ||    13
  Eat: Ration            |       |       |     5 ||     5
Armor: Robe              |    17 |     3 |     9 ||    29
Dodge: Dodged            |    96 |    40 |   186 ||   322
